 Dungeon Crawl Stone Soup version 0.19.0-2-gae57169 (webtiles) character file.

14884 keg the Basher (level 11, -5/102 HPs)
             Began as a Minotaur Fighter on Nov 1, 2016.
             Was the Champion of Okawaru.
             Slain by an angel
             ... wielding a +3 whip of holy wrath
              (13 damage)
             ... on level 1 of the Orcish Mines on Nov 7, 2016.
             The game lasted 01:11:14 (13987 turns).

keg the Basher (Minotaur Fighter)                  Turns: 13987, Time: 01:11:14

Health: -5/102     AC: 24    Str: 27    XL:     11   Next: 94%
Magic:  10/10      EV: 12    Int:  6    God:    Okawaru [******]
Gold:   788        SH: 13    Dex: 14    Spells: 0 memorised, 10 levels left

rFire  . . .     SeeInvis .     K - +1 flail (crush)
rCold  . . .     Gourm    .     l - +1 plate armour
rNeg   . . .     Faith    .     c - +0 shield
rPois  .         Spirit   .     (helmet restricted)
rElec  .         Reflect  .     x - +1 cloak of a Thousand Eyes {Str+3}
rCorr  .         Harm     .     A - +2 pair of gloves
MR     .....                    w - +1 pair of boots
Stlth  ..........               (no amulet)
                                (no ring)
                                (no ring)

@: agile, glowing
A: retaliatory headbutt, horns 2
a: Heroism, Finesse, Renounce Religion


You were on level 1 of the Orcish Mines.
You worshipped Okawaru.
Okawaru was exalted by your worship.
You were very hungry.

You visited 4 branches of the dungeon, and saw 13 of its levels.

You collected 1392 gold pieces.
You spent 604 gold pieces at shops.

Inventory:

Hand Weapons
 h - a +1 whip of freezing
 K - a +1 flail of crushing (weapon)
Armour
 c - a +0 shield (worn)
 l - a +1 plate armour (worn)
 w - a +1 pair of boots (worn)
 x - the +1 cloak of a Thousand Eyes (worn) {Str+3}
   (You bought it in a shop on level 1 of the Orcish Mines)

   It affects your strength (+3).
 A - a +2 pair of gloves (worn)
Wands
 r - a wand of slowing (19/48)
 G - a wand of flame (25/48)
 J - a wand of iceblast (9/15)
Scrolls
 m - a scroll of recharging
 B - a scroll of acquirement
 C - a scroll of amnesia
 F - 2 scrolls of magic mapping
Potions
 d - 5 potions of might
 e - a potion of invisibility
 g - a potion of cure mutation
 i - 2 potions of curing
 j - 4 potions of brilliance
 q - a potion of magic
Books
 t - a book of Flames

   Spells                             Type                      Level
   a - Flame Tongue                   Conjuration/Fire             1
   b - Throw Flame                    Conjuration/Fire             2
   c - Conjure Flame                  Conjuration/Fire             3
   d - Inner Flame                    Hexes/Fire                   3
   e - Sticky Flame                   Conjuration/Fire             4
   f - Fireball                       Conjuration/Fire             5
 u - a book of Callings

   Spells                             Type                      Level
   a - Summon Small Mammal            Summoning                    1
   b - Call Imp                       Summoning                    2
   c - Call Canine Familiar           Summoning                    3
   d - Summon Guardian Golem          Hexes/Summoning              3
   e - Summon Lightning Spire         Summoning/Air                4
   f - Summon Ice Beast               Ice/Summoning                4
 D - a Grand Grimoire

   Spells                             Type                      Level
   a - Monstrous Menagerie            Summoning                    7
   b - Summon Greater Demon           Summoning                    7
   c - Malign Gateway                 Summoning/Translocation      7
   d - Summon Horrible Things         Summoning                    8
Comestibles
 a - 7 royal jellies
 f - 8 bread rations
 n - 5 meat rations
 s - a fruit


   Skills:
 + Level 11.0 Fighting
 * Level 14.3 Maces & Flails
 + Level 11.0 Armour
 + Level 11.0 Shields


You had 10 spell levels left.
You didn't know any spells.

Dungeon Overview and Level Annotations

Branches:
Dungeon (9/15)             Temple (1/1) D:4             Orc (2/2) D:9
    Elf (1/3) Orc:2
   Lair: D:8-11

Altars:
Ashenzari
Cheibriados
Dithmenos
Elyvilon
Fedhas
Gozag
Hepliaklqana
Kikubaaqudgha
Makhleb
Nemelex Xobeh
Okawaru
Qazlal
Ru
Sif Muna
Trog
Uskayaw
Vehumet
Xom
Yredelemnul
Zin
The Shining One

Shops:
D:9 [   Orc:1 ?[[   Orc:2 ?!

Portals:
Desolation: Elf:1


Innate Abilities, Weirdness & Mutations

You reflexively headbutt those who attack you in melee.
You have a pair of horns on your head.


Message History

The angel hits you with a whip of holy wrath!
* * * LOW HITPOINT WARNING * * *
The angel completely misses you.
The angel hits you but does no damage. x2
The angel hits you with a whip of holy wrath!
* * * LOW HITPOINT WARNING * * *
The angel hits you but does no damage.
Okay, then.
You feel better.
The angel hits you with a whip of holy wrath.
* * * LOW HITPOINT WARNING * * *
You block the angel's attack.
The angel hits you but does no damage. x2
Things that are here:
a chain mail; a scimitar You block the angel's attack.
The angel misses you.
There is a staircase back to the Dungeon, spattered with blood here.
You see here 2 tomahawks.
The angel hits you with a whip of holy wrath!
You die...

#..# #∩.?......).##
#.##
##..........o.###
###
##.......#...o...#
#..8....##.#.....#
##.....######....##
#.##....####o.....#
##...............##
##......).OA...##
##.......[@(.##
##......[..##
##.......##
##.#...## ###..##
####


You could see an angel, an orc warrior, an ogre and 2 orcs.

Vanquished Creatures
  The ghost of Querens the Peltast, a journeyman GrFi of Okawaru (Orc:1)
  A soul eater (Orc:2)
  A deep elf archer (Elf:1)
  Pikel (D:8)
  2 orc knights
  2 orc sorcerers (Orc:2)
  3 deep elf magi (Elf:1)
  An orange demon (Orc:1)
  A red devil (Orc:2)
  A queen bee (D:8)
  A hornet (D:9)
  A two-headed ogre (D:8)
  3 trolls (Orc:2)
  A hippogriff (D:7)
  A wyvern (D:9)
  A hungry ghost (D:7)
  A neqoxec (Orc:2)
  4 wargs
  A water moccasin (D:7)
  Duvessa (D:6)
  21 orc warriors
  2 black bears
  2 sky beasts
  2 ice beasts
  2 phantoms
  6 ogres
  4 centaurs
  A crocodile (D:9)
  5 bullfrogs
  A water moccasin zombie (D:7)
  Dowan (D:6)
  9 wights
  15 killer bees (D:8)
  3 crimson imps
  2 bullfrog zombies
  A centaur zombie (D:9)
  6 hounds
  13 orc priests
  A centaur skeleton (D:6)
  2 iguanas
  9 orc wizards
  Natasha (thrice) (D:2)
  6 worker ants
  2 human simulacra (D:9)
  2 worker ant zombies
  A howler monkey zombie (D:9)
  Robin (D:2)
  11 adders
  7 gnolls (D:2)
  A shadow imp (D:8)
  3 oozes
  3 adder zombies
  5 leopard geckos
  78 orcs
  4 giant cockroaches
  15 goblins
  13 hobgoblins
  4 quokkas
  2 ball pythons (D:1)
  12 bats
  4 frilled lizards
  A jackal skeleton (D:6)
  5 kobolds
  A leopard gecko skeleton (D:9)
  2 leopard gecko zombies
  A quokka skeleton (D:7)
  10 rats
334 creatures vanquished.

Vanquished Creatures (others)
  A phantom (D:8)
  A crimson imp (D:8)
2 creatures vanquished.

Grand Total: 336 creatures vanquished

Notes
Turn   | Place    | Note
-------+----------+-------------------------------------------
     0 | D:1      | keg the Minotaur Fighter began the quest for the Orb.
     0 | D:1      | Reached XP level 1. HP: 19/19 MP: 0/0
   123 | D:1      | Reached skill level 3 in Maces & Flails
   123 | D:1      | Reached XP level 2. HP: 27/27 MP: 1/1
   634 | D:2      | Reached XP level 3. HP: 30/33 MP: 2/2
   711 | D:2      | Reached skill level 4 in Maces & Flails
   993 | D:2      | Noticed Natasha
  1002 | D:2      | Killed Natasha
  1002 | D:2      | Reached XP level 4. HP: 40/40 MP: 3/3
  1017 | D:2      | Noticed Robin
  1038 | D:2      | Killed Robin
  1068 | D:2      | Noticed Natasha
  1072 | D:2      | Killed Natasha
  1072 | D:2      | Reached XP level 5. HP: 45/46 MP: 4/4
  1102 | D:2      | Noticed Natasha
  1125 | D:2      | Killed Natasha
  1290 | D:2      | Reached skill level 5 in Maces & Flails
  1559 | D:2      | Upgraded the game from 0.19-b1-5-gdc9fa9d to 0.19.0-2-gae57169
  2445 | D:3      | Reached XP level 6. HP: 31/53 MP: 5/5
  2763 | D:4      | Reached skill level 5 in Fighting
  2763 | D:4      | Reached skill level 5 in Armour
  3005 | D:4      | Found a staircase to the Ecumenical Temple.
  3014 | D:4      | Reached skill level 6 in Maces & Flails
  3014 | D:4      | Reached skill level 5 in Shields
  3021 | Temple   | Entered the Ecumenical Temple
  3094 | Temple   | Became a worshipper of Warmaster Okawaru
  3469 | D:4      | Reached XP level 7. HP: 48/61 MP: 6/6
  3532 | D:5      | Entered Level 5 of the Dungeon
  3865 | D:5      | Reached skill level 7 in Maces & Flails
  3905 | D:5      | Reached * piety under Okawaru
  3990 | D:5      | Reached XP level 8. HP: 70/70 MP: 7/7
  4106 | D:5      | Reached skill level 8 in Maces & Flails
  4428 | D:6      | Reached ** piety under Okawaru
  4708 | D:6      | Noticed Dowan
  4718 | D:6      | Killed Dowan
  4728 | D:6      | Noticed Duvessa
  4745 | D:6      | Killed Duvessa
  5108 | D:6      | Reached skill level 9 in Maces & Flails
  5787 | D:7      | Reached XP level 9. HP: 74/79 MP: 8/8
  6008 | D:7      | Reached *** piety under Okawaru
  6181 | D:7      | Reached skill level 10 in Maces & Flails
  6612 | D:8      | Noticed a queen bee
  6677 | D:8      | Killed a queen bee
  6695 | D:8      | Reached **** piety under Okawaru
  6819 | D:8      | Reached skill level 11 in Maces & Flails
  7065 | D:8      | Noticed Pikel
  7398 | D:8      | Reached XP level 10. HP: 74/90 MP: 9/9
  7407 | D:8      | Killed Pikel
  7927 | D:8      | Reached ***** piety under Okawaru
  8721 | D:9      | Reached skill level 12 in Maces & Flails
  8935 | D:9      | Found Yrphaext's Armour Emporium.
  8938 | D:9      | Bought a +0 cloak for 58 gold pieces
  9290 | D:9      | Found a staircase to the Orcish Mines.
  9563 | Orc:1    | Entered Level 1 of the Orcish Mines
  9857 | Orc:1    | Noticed Querens's ghost (journeyman GrFi)
  9858 | Orc:1    | Found Ciehumei's Antique Armour Shoppe.
  9900 | Orc:1    | Killed Querens's ghost
 10221 | Orc:1    | Found Naoqel's Magic Scroll Boutique.
 10230 | Orc:1    | Bought a scroll of identify for 26 gold pieces
 10230 | Orc:1    | Bought a scroll of identify for 26 gold pieces
 10230 | Orc:1    | Bought a scroll of amnesia for 45 gold pieces
 10230 | Orc:1    | Bought a scroll of magic mapping for 45 gold pieces
 10230 | Orc:1    | Bought a scroll of identify for 26 gold pieces
 10230 | Orc:1    | Bought a scroll of immolation for 45 gold pieces
 10252 | Orc:1    | Found Vecar's Armour Boutique.
 10263 | Orc:1    | Identified a scroll of acquirement
 10308 | Orc:1    | Bought a bloodstained cloak for 266 gold pieces
 10318 | Orc:1    | Identified the +1 cloak of a Thousand Eyes {Str+3} (You bought it in a shop on level 1 of the Orcish Mines)
 10375 | Orc:2    | Entered Level 2 of the Orcish Mines
 10513 | Orc:2    | Reached XP level 11. HP: 93/99 MP: 10/10
 10895 | Orc:2    | Reached skill level 10 in Fighting
 11005 | Orc:2    | Received a gift from Okawaru
 11008 | Orc:2    | Got a scorched mace {god gift}
 11009 | Orc:2    | Identified the +1 mace of Bodily Harmony {holy, *Noise rN+++ Int-4 Dex+9} (Okawaru gifted it to you on level 2 of the Orcish Mines)
 11054 | Orc:2    | Reached skill level 13 in Maces & Flails
 11054 | Orc:2    | Reached skill level 10 in Shields
 11149 | Orc:2    | Found a staircase to the Elven Halls.
 11243 | Orc:1    | Reached skill level 10 in Armour
 11350 | Orc:1    | Noticed an orc sorcerer
 11404 | Orc:1    | Paralysed by an orc sorcerer for 3 turns
 11448 | Orc:2    | Killed an orc sorcerer
 11786 | Orc:2    | Noticed a soul eater
 11951 | Orc:2    | Killed a soul eater
 12034 | Orc:2    | Found Foriod's Distillery.
 12044 | Orc:2    | Noticed an orc knight
 12105 | Orc:1    | Killed an orc knight
 12615 | Orc:2    | Found Norups's Magic Scroll Boutique.
 12644 | Orc:2    | Bought a potion of mutation for 35 gold pieces
 12668 | Orc:2    | Bought a scroll of identify for 32 gold pieces
 12767 | Orc:2    | Noticed an orc sorcerer
 12790 | Orc:2    | Noticed a soul eater
 12846 | Orc:1    | Received a gift from Okawaru
 13180 | Orc:2    | Paralysed by an orc sorcerer for 4 turns
 13191 | Orc:2    | Killed an orc sorcerer
 13370 | Orc:2    | Noticed an orc knight
 13370 | Orc:2    | Noticed an orc sorcerer
 13415 | Orc:2    | Killed an orc knight
 13415 | Orc:2    | Reached skill level 14 in Maces & Flails
 13647 | Elf:1    | Entered Level 1 of the Elven Halls
 13654 | Elf:1    | Noticed a deep elf mage
 13666 | Elf:1    | Noticed a deep elf mage
 13667 | Elf:1    | Killed a deep elf mage
 13673 | Elf:1    | Killed a deep elf mage
 13673 | Elf:1    | Reached ****** piety under Okawaru
 13693 | Elf:1    | Noticed a deep elf archer
 13703 | Elf:1    | Killed a deep elf archer
 13786 | Elf:1    | Noticed a deep elf mage
 13796 | Elf:1    | Killed a deep elf mage
 13796 | Elf:1    | Received a gift from Okawaru
 13869 | Elf:1    | Found a ruined gateway.
 13869 | Elf:1    | Noticed an angel
 13869 | Elf:1    | Noticed an angel
 13983 | Orc:1    | HP: 2/102 [angel/whip of holy wrath (7)]
 13987 | Orc:1    | Slain by an angel

Skill      XL: |  1  2  3  4  5  6  7  8  9 10 11 |
---------------+----------------------------------+-----
Maces & Flails | 3 4 5 6 7 9 11 12 14 | 14.3
Shields        | 4 5 7 8 9 11 | 11.0
Armour         | 4 5 6 7 8 9 11 | 11.0
Fighting       | 4 5 6 7 8 9 11 | 11.0

Action                   |  1- 3 |  4- 6 |  7- 9 | 10-12 || total
-------------------------+-------+-------+-------+-------++-------
Melee: Flail             |    82 |   221 |   433 |   656 ||  1392
       Headbutt          |     6 |    44 |    67 |   131 ||   248
Invok: Heroism           |       |       |     2 |     1 ||     3
  Use: Scroll            |       |     8 |     7 |     9 ||    24
       Potion            |       |       |     4 |     4 ||     8
  Eat: Chunk             |       |     7 |     7 |    16 ||    30
       Fruit             |       |     2 |     1 |       ||     3
       Pizza             |       |       |     4 |       ||     4
       Royal jelly       |       |       |     2 |       ||     2
       Beef jerky        |       |       |       |     3 ||     3
Armor: Scale mail        |    13 |       |       |       ||    13
       Plate armour      |    27 |   116 |   232 |   293 ||   668
Dodge: Dodged            |    17 |    45 |    55 |   112 ||   229
Block: Shield            |    44 |   112 |   243 |   341 ||   740
